 Dungeon Crawl Stone Soup version 0.28-a0-1130-gc51a68064b (webtiles) character file.

Game seed: 3615002915620203715

487577 browni3141 the Impregnable (level 25, -43/199 HPs)
             Began as a Formicid Fighter on Dec 13, 2021.
             Was the Champion of Okawaru.
             Killed from afar by an orb of fire (82 damage)
             ... with a fireball
             ... on level 4 of the Realm of Zot.
             The game lasted 02:54:55 (71917 turns).

browni3141 the Impregnable (Formicid Fighter)      Turns: 71917, Time: 02:54:56

Health: -43/199    AC: 34    Str: 41    XL:     25   Next: 50%
Magic:  35/35      EV: 18    Int:  8    God:    Okawaru [******]
Gold:   1575       SH: 25    Dex: 24    Spells: 24/24 levels left

rFire   . . .      SeeInvis +   a - +5 sword of Power {vorpal}
rCold   + . .      Faith    .   c - +4 tower shield "Suruqet" {Int+3 Dex+2}
rNeg    + . .      Spirit   .   W - +1 crystal plate armour "Gaxt" {Dex+6}
rPois   .          Reflect  .   (helmet unavailable)
rElec   .          Harm     .   k - +1 cloak {Will+}
rCorr   .          Rampage  .   n - +1 pair of gloves of Irutium {+Blink Will+ Str+4}
Will    ++++.                   O - +0 pair of boots {Fly}
Stlth   ..........              K - amulet of regeneration
HPRegen 1.23/turn               x - ring of Fallacy {rC+ rN+ Str+4}
MPRegen 0.24/turn               M - ring of Pamm {AC+4 Str+3 Dex+4}

@: lethally poisoned (-43 -> -84), flying, studying Throwing
A: permanent stasis, dig shafts and tunnels, antennae 3, four strong arms,
deformed body, dopey 2
}: 4/15 runes: decaying, slimy, abyssal, gossamer
a: Dig, Shaft Self, Renounce Religion, Heroism, Finesse, Duel


You were on level 4 of the Realm of Zot.
You worshipped Okawaru.
Okawaru was exalted by your worship.
You visited 10 branches of the dungeon, and saw 48 of its levels.
You visited the Abyss 1 time.
You visited 1 bazaar.
You also visited: Ice Cave.

You collected 5244 gold pieces.
You spent 3669 gold pieces at shops.

Inventory:

Hand Weapons
 a - the +5 sword of Power (weapon) {vorpal}
   (You took it off a deep elf sorcerer on level 3 of the Elven Halls)

   It inflicts extra damage upon your enemies.
   It occasionally discharges a powerful but inaccurate bolt of energy upon
   striking a foe, with increased chance the greater the wielder's current
   health.
 b - the +1 triple crossbow "Xapedwipt" {elec, rF+ Dex+3}
   (Okawaru gifted it to you on level 3 of the Swamp)

   Any ammunition fired from it occasionally discharges a powerful burst of
   electricity upon striking a foe.
   Dex:       It affects your dexterity (+3).
   rF:        It protects you from fire.
 p - the +10 zealot's sword {holy, *Rage rN+ EV+3}
   (You found it on level 6 of the Lair of Beasts)

   It has been blessed by the Shining One to cause great damage to the undead
   and demons.
   Whenever the wielder enters a berserk rage, their allies are berserked
   alongside them.
   EV:        It affects your evasion (+3).
   rN:        It protects you from negative energy.
   *Rage:     It berserks you when you make melee attacks (+20% chance).
 H - a +2 triple sword of holy wrath
Missiles
 f - 650 bolts
Armour
 c - the +4 tower shield "Suruqet" (worn) {Int+3 Dex+2}
   (Okawaru gifted it to you on level 1 of the Depths)

   Int:       It affects your intelligence (+3).
   Dex:       It affects your dexterity (+2).
 k - a +1 cloak of willpower (worn)
 n - the +1 pair of gloves of Irutium (worn) {+Blink Will+ Str+4}
   (You bought it in a shop on level 15 of the Dungeon)

   Str:       It affects your strength (+4).
   +Blink:    It lets you blink.
   Will:      It increases your willpower.
 s - the +6 swamp dragon scales of the Sky {rPois rF+ rC++ Int-5 Stlth+}
   (Okawaru gifted it to you on level 6 of the Lair of Beasts)

   Int:       It affects your intelligence (-5).
   rF:        It protects you from fire.
   rC:        It greatly protects you from cold.
   rPois:     It protects you from poison.
   Stlth:     It makes you more stealthy.
 O - a +0 pair of boots of flying (worn)
 W - the +1 crystal plate armour "Gaxt" (worn) {Dex+6}
   (Okawaru gifted it to you on level 4 of the Lair of Beasts)

   Dex:       It affects your dexterity (+6).
Jewellery
 r - the ring of Sokkoorgh {rElec rF+}
   (You found it on level 4 of the Dungeon)

   [ring of protection from fire]

   rF:        It protects you from fire.
   rElec:     It insulates you from electricity.
 x - the ring of Fallacy (left hand) {rC+ rN+ Str+4}
   (You took it off Nikola on level 2 of the Swamp)

   [ring of positive energy]

   Str:       It affects your strength (+4).
   rC:        It protects you from cold.
   rN:        It protects you from negative energy.
 I - a ring of resist corrosion
 K - an amulet of regeneration (around neck)
 M - the ring of Pamm (right hand) {AC+4 Str+3 Dex+4}
   (You bought it in a shop on level 9 of the Dungeon)

   [ring of protection]

   AC:        It affects your AC (+4).
   Str:       It affects your strength (+3).
   Dex:       It affects your dexterity (+4).
 S - a ring of willpower
 T - a ring of fire
Wands
 B - a wand of iceblast (18)
 N - a wand of paralysis (23)
 P - a wand of polymorph (25)
 X - a wand of digging (15)
Scrolls
 e - 4 scrolls of noise
 h - 2 scrolls of silence
 j - 6 scrolls of amnesia
 l - 8 scrolls of enchant weapon
 o - 6 scrolls of enchant armour
 t - a scroll of fear
 v - 5 scrolls of immolation
 w - 4 scrolls of fog
 C - 7 scrolls of magic mapping
 E - 4 scrolls of vulnerability
 F - a scroll of acquirement
 L - 13 scrolls of identify
 Q - 6 scrolls of torment
 Y - 2 scrolls of brand weapon
 Z - 3 scrolls of holy word
Potions
 d - 11 potions of mutation
 g - 10 potions of attraction
 i - 4 potions of flight
 m - 5 potions of might
 q - 7 potions of brilliance
 u - 7 potions of degeneration
 y - a potion of ambrosia
 z - 13 potions of curing
 A - 4 potions of magic
 D - 5 potions of lignification
 J - 5 potions of heal wounds
 R - 4 potions of invisibility
 U - 5 potions of cancellation
Miscellaneous
 V - a phial of floods


   Skills:
 + Level 16.6 Fighting
 - Level 20.0 Long Blades
 * Level 18.2 Crossbows
 * Level 22.8 Armour
 - Level 13.4 Dodging
 * Level 14.6 Shields
 - Level 17.0 Invocations


You had 24 spell levels left.
You didn't know any spells.
Your spell library contained the following spells:

 Spells                   Type           Power      Damage    Failure   Level
 Beastly Appendage        Tmut           0%         N/A       91%         1
 Pain                     Necr           0%         1d4       91%         1
 Shock                    Conj/Air       0%         1d3       91%         1
 Slow                     Hex            0%         N/A       91%         1
 Corpse Rot               Necr/Air       0%         N/A       97%         2
 Ensorcelled Hibernation  Hex/Ice        0%         N/A       97%         2
 Passwall                 Tmut/Erth      0%         N/A       97%         2
 Sublimation of Blood     Necr           0%         N/A       97%         2
 Wereblood                Tmut           0%         N/A       97%         2
 Confusing Touch          Hex            0%         N/A       100%        3
 Conjure Flame            Conj/Fire      0%         6-21      100%        3
 Dazzling Flash           Conj/Hex       0%         N/A       100%        3
 Frozen Ramparts          Ice            0%         1d2       100%        3
 Gell's Gravitas          Tloc           0%         N/A       100%        3
 Ignite Poison            Fire/Tmut/Pois 0%         N/A       100%        3
 Inner Flame              Hex/Fire       0%         N/A       100%        3
 Lesser Beckoning         Tloc           0%         N/A       100%        3
 Ozocubu's Armour         Ice            0%         N/A       100%        3
 Spider Form              Tmut/Pois      0%         N/A       100%        3
 Stone Arrow              Conj/Erth      0%         3d7       100%        3
 Teleport Other           Tloc           0%         N/A       100%        3
 Airstrike                Air            0%         N/A       100%        4
 Cause Fear               Hex            0%         N/A       100%        4
 Dispel Undead            Necr           0%         3d6       100%        4
 Fulminant Prism          Conj/Hex       0%         3d6       100%        4
 Iskenderun's Mystic Bla  Conj/Tloc      0%         2d3       100%        4
 Leda's Liquefaction      Hex/Erth       0%         N/A       100%        4
 Petrify                  Tmut/Erth      0%         N/A       100%        4
 Sticky Flame             Conj/Fire      0%         2d3       100%        4
 Agony                    Necr           0%         N/A       100%        5
 Borgnjor's Vile Clutch   Necr/Erth      0%         N/A       100%        5
 Excruciating Wounds      Necr           0%         N/A       100%        5
 Irradiate                Conj/Tmut      0%         3d14      100%        5
 Lee's Rapid Deconstruct  Erth           0%         3d5*      100%        5
 Metabolic Englaciation   Hex/Ice        0%         N/A       100%        5
 Yara's Violent Unravell  Hex/Tmut       0%         3d3       100%        5
 Dispersal                Tloc           0%         N/A       100%        6
 Eringya's Noxious Bog    Tmut/Pois      0%         N/A       100%        6
 Starburst                Conj/Fire      0%         6d3       100%        6
 Statue Form              Tmut/Erth      0%         N/A       100%        6
 Orb of Destruction       Conj           0%         N/A       100%        7
 Ozocubu's Refrigeration  Ice            0%         4d5       100%        7
 Storm Form               Tmut/Air       0%         N/A       100%        7
 Discord                  Hex            0%         N/A       100%        8
 Lehudib's Crystal Spear  Conj/Erth      0%         10d2      100%        8
 Maxwell's Capacitive Co  Air            0%         ∞         100%        8
 Summon Guardian Golem    Hex/Summ       Unusable   N/A       N/A         3
 Swiftness                Air            Unusable   N/A       N/A         3
 Animate Armour           Summ/Erth      Unusable   N/A       N/A         4
 Animate Dead             Necr           Unusable   N/A       N/A         4
 Summon Lightning Spire   Summ/Air       Unusable   N/A       N/A         4
 Summon Forest            Summ/Tloc      Unusable   N/A       N/A         5
 Death Channel            Necr           Unusable   N/A       N/A         6
 Simulacrum               Ice/Necr       Unusable   N/A       N/A         6
 Spellforged Servitor     Conj/Summ      Unusable   N/A       N/A         7
 Summon Hydra             Summ           Unusable   N/A       N/A         7

Dungeon Overview and Level Annotations

Branches:
Dungeon (15/15)            Temple (1/1) D:6            Lair (6/6) D:11
  Swamp (4/4) Lair:4       Spider (4/4) Lair:2        Slime (5/5) Lair:5
    Orc (2/2) D:11            Elf (3/3) Orc:2        Vaults (0/5) D:14
 Depths (4/4) D:15            Zot (4/5) Depths:4      IceCv (visited)

Altars:
Ashenzari
Cheibriados
Dithmenos
Elyvilon
Fedhas
Gozag
Hepliaklqana
Kikubaaqudgha
Makhleb
Nemelex Xobeh
Okawaru
Qazlal
Ru
Sif Muna
Trog
Uskayaw
Vehumet
Wu Jian
Xom
Yredelemnul
Zin
The Shining One
Beogh
Jiyva

Shops:
D:6 !   D:9 =   D:12 [   D:15 *[*   Orc:1 (   Orc:2 [(((   Elf:1 !   Elf:2 *
Elf:3 (*(*[(   Depths:1 *   Depths:4 [

Portals:
Hell: Depths:1 Depths:2 Depths:3 Depths:4
Abyss: Depths:2 Depths:3 Depths:4
Pandemonium: Depths:2 Depths:3
Ziggurat: Depths:4
Trove: D:15 (give 12 potions of heal wounds)

Annotations:
D:4 exclusion: statue
D:10 1 runed translucent door, tvsian's ghost, journeyman HOFi
Swamp:3 exclusion: downstairs
Zot:4 exclusions: 3 doors and 4 sensed monsters (detected)


Innate Abilities, Weirdness & Mutations

You cannot be hasted, slowed, berserked, paralysed or teleported.
You can dig through walls and to a lower floor.
You have a pair of large antennae on your head. (SInv)
Your four strong arms can wield two-handed weapons with a shield.
Armour fits poorly on your strangely shaped body.
You are very dopey. (Int -4)


Message History

The orb of fire glows bright magenta.
The bolt of fire misses you.
The orb of fire glows yellow.
The bolt of fire misses you.
The green draconian monk breathes poison at you.
The blast of poison engulfs the orb of fire.
The orb of fire completely resists.
Unknown command.
Okay, then.
Unknown command.
Okay, then.
You can't see any enemies this would affect, really read the scroll of holy word?
As you read the scroll of holy word, it crumbles to dust.
You speak a Word of immense power!
You are engulfed in poison gas.
You are more poisoned.
You feel extremely sick.
Unknown command.
Unknown command.
Unknown command.
The +1 triple crossbow "Xapedwipt" {elec, rF+ Dex+3} stops crackling.
You sense an aura of extreme power.
a - the +5 sword of Power (weapon)
{vorpal} You are engulfed in poison gas.
You are more poisoned.
You feel very sick.
Unknown command.
You slice the orb of fire!!
The orb of fire is lightly damaged.
You are engulfed in poison gas.
You are more poisoned.
You feel extremely sick.
Unknown command.
You slice the orb of fire!!
The orb of fire is moderately damaged.
You are engulfed in poison gas.
You are lethally poisoned!
* * * LOW HITPOINT WARNING * * *
x2 You feel extremely sick.
The orb of fire glows red.
The fireball explodes!
The fireball engulfs you!!!!
You die...

{{ #.#.#.#.#°#{{{{ #.#
#.##.# { #...#.#.#d{{ {
{+.# #.#..# { #..##.#.#{#
{ {{{ #.# #.#.##
<.##.#.#)# {{ ### #.#.#
##.##.#.#°## ##.#.#
#...#.#.##°# { ##.##.#
##..#.##.#q## ###.##.## #
##.##.#.##*#######..##.##
## ####
##.#.##.##@°°°.).###.##
#. ...#
#..##.##.#########..## #.
...##
#...##.##.........### ##
#...####...##.###########
## .#...##.#..###.....#
##. ......#..### #####.#
##.. ..........## #.#
##... #.##.......## #.#
##...# .####.......# #.#
###...#.


You could see an orb of fire and a green draconian monk (catching breath).

Vanquished Creatures
  the Royal Jelly (Slime:5)
  Sojobo (Arena)
  the Lernaean hydra (Swamp:3)
  5 caustic shrikes (Depths:4)
  A curse toe (Zot:4)
  Nikola (Swamp:2)
  3 golden dragons
  the Enchantress (Arena)
  Arachne (Spider:3)
  An electric golem (Zot:2)
  The ghost of RepHenryClay the Impregnable, an adept MiGl of Jiyva (Elf:3)
  11 tentacled monstrosities
  Rupert (D:14)
  Jorgrun (Swamp:3)
  Mlioglotl (Swamp:1)
  A walking frostbound tome (Depths:4)
  A lich (Depths:1)
  4 quicksilver dragons
  2 deep elf blademasters (Elf:3)
  2 deep elf master archers (Elf:3)
  A sphinx (Depths:3)
  Frances (Spider:2)
  8 acid blobs
  2 Executioners (Abyss:3)
  4 tentacled starspawn (Abyss:3)
  3 draconian monks
  3 tengu reavers
  4 death cobs
  Kirke (D:15)
  5 shadow dragons
  A fenstrider witch (Swamp:3)
  3 storm dragons
  2 draconian knights
  4 rockslimes
  Roxanne (Swamp:2)
  2 azure jellies
  2 fire giants
  4 frost giants
  An iron dragon (Depths:3)
  3 emperor scorpions
  9 ghost moths
  A balrug (Depths:3)
  7 deep elf sorcerers (Elf:3)
  5 draconian scorchers
  2 orc warlords
  4 cacodemons (Abyss:3)
  6 draconian shifters
  4 draconian stormcallers
  2 deep elf elementalists (Elf:3)
  33 very ugly things
  3 draconian annihilators
  A reaper (Depths:2)
  2 spriggan defenders (D:15)
  4 quicksilver oozes
  9 stone giants
  7 green draconians
  5 eleionomae
  4 vampire knights
  7 black draconians
  5 yellow draconians
  9 deep elf annihilators
  4 deep elf demonologists (Elf:3)
  6 bunyips
  7 red draconians
  5 dire elephants (Lair:6)
  2 spark wasps (Spider:4)
  3 purple draconians (Zot:2)
  6 white draconians
  An entropy weaver (Spider:2)
  2 ettins
  2 deep elf death magi (Elf:3)
  A shambling mangrove (Swamp:4)
  12 fire dragons
  2 deep elf high priests (Elf:3)
  5 great orbs of eyes
  A catoblepas (D:14)
  25 hydras
  8 boulder beetles
  15 ice dragons
  A rakshasa (Depths:2)
  2 ghost crabs
  5 spriggan air magi
  An ogre mage (D:14)
  7 ironbound frosthearts (IceCv)
  9 alligators
  20 dancing weapons
  3 centaur warriors
  9 two-headed ogres
  6 deep troll shamans
  6 deep troll earth magi
  10 death yaks
  4 vampire magi
  7 tengu warriors
  8 spriggan berserkers
  7 orc high priests
  4 hell knights (Depths:3)
  A sun demon (Depths:2)
  19 deep elf knights
  7 iron trolls
  A sixfirhy (Abyss:3)
  A wretched star (Abyss:3)
  8 goliath frogs
  A spectral death yak (Lair:6)
  2 spatial maelstroms (Abyss:3)
  A storm dragon skeleton (Depths:2)
  6 glowing orange brains
  2 starcursed masses (Abyss:3)
  12 swamp dragons
  3 spriggan druids
  A golden dragon zombie (Depths:3)
  A spriggan simulacrum (Depths:3)
  23 deep trolls
  A wizard (D:15)
  A tengu zombie (Depths:2)
  A spectral anaconda (Lair:6)
  A lindwurm (Lair:3)
  4 bog bodies
  An orange crystal statue (IceCv)
  An obsidian statue (Lair:6)
  3 wolf spider zombies (Spider:4)
  16 deep elf archers
  Pikel (D:4)
  29 wolf spiders
  4 spectral wolf spiders (Spider:4)
  8 necromancers
  An orb spider (shapeshifter) (D:13)
  20 orb spiders
  39 deep elf pyromancers
  20 deep elf zephyrmancers
  10 orc knights
  5 shining eyes
  2 orc sorcerers (Orc:2)
  38 ugly things
  2 manticores (D:15)
  8 cyclopes
  25 elephants
  13 moths of wrath
  A salamander (shapeshifter) (D:14)
  An oklob plant (Lair:3)
  9 will-o-the-wisps
  7 black mambas
  A torpor snail (Lair:4)
  A dire elephant zombie (Lair:6)
  A smoke demon (Abyss:3)
  A water nymph (shapeshifter) (Depths:3)
  A rust devil (Depths:2)
  5 eyes of devastation
  7 cane toads
  An unseen horror (D:11)
  3 orange demons
  5 gargoyles
  A dire elephant skeleton (Lair:6)
  10 komodo dragons
  12 rime drakes
  A freezing wraith (D:14)
  3 kobold demonologists
  11 demonic crawlers
  A red devil (Depths:3)
  7 tengu conjurers
  2 hellwings (Depths:2)
  A golden dragon simulacrum (Depths:3)
  An efreet (D:14)
  4 ice devils
  2 ancient zymes (Abyss:3)
  A bloated husk (Swamp:3)
  10 polar bears
  A queen bee (D:11)
  5 trolls
  8 tyrant leeches
  34 jumping spiders
  6 wolf spider simulacra (Spider:4)
  20 blink frogs
  A spectral elephant (Lair:6)
  Prince Ribbit (D:7)
  2 dream sheep (Lair:4)
  55 slime creatures
  30 hornets
  An ettin zombie (Depths:2)
  A raiju (Abyss:3)
  A meliai zombie (D:10)
  A spriggan zombie (Depths:2)
  72 redbacks
  3 flying skulls (Abyss:3)
  24 tarantellas
  2 wyverns
  A wraith (D:11)
  A vampire (D:13)
  36 yaks
  4 ynoxinuls
  4 shadows
  A fire elemental (Elf:2)
  19 spriggans
  A hog (D:15)
  4 fire bats (Abyss:3)
  5 basilisks
  A basilisk (shapeshifter) (Elf:3)
  3 humans (D:15)
  6 water elementals
  25 large abominations (Abyss:3)
  2 chaos spawn
  A death yak simulacrum (Lair:6)
  A neqoxec (Depths:2)
  8 golden eyes
  2 steam dragons
  9 vampire mosquitoes
  2 spectral cane toads (Lair:6)
  4 wargs
  21 swamp worms
  A spatial vortex (Abyss:3)
  14 water moccasins
  An acid dragon (D:12)
  A hell hound (Abyss:3)
  36 orc warriors
  7 swamp drakes
  A floating eye (shapeshifter) (Depths:4)
  An elephant zombie (Lair:6)
  3 sky beasts
  A necrophage (D:5)
  5 black bears (Lair:2)
  21 wolves
  4 ogres
  An elephant skeleton (Lair:6)
  4 centaurs
  A phantom (D:5)
  6 kobold brigands
  13 bullfrogs
  5 earth elementals
  A scorpion (D:5)
  23 small abominations (Abyss:3)
  A cane toad simulacrum (Lair:6)
  A water moccasin zombie (D:7)
  2 water moccasin skeletons
  An elephant simulacrum (Lair:6)
  9 killer bees
  9 wights
  3 howler monkeys
  A bullfrog zombie (D:4)
  2 electric eels
  3 centaur zombies
  A hound (D:3)
  A jelly (D:6)
  25 orc priests
  A gnoll shaman (D:9)
  A bullfrog skeleton (D:5)
  34 orc wizards
  3 iguanas
  2 killer bee zombies
  A hound zombie (D:5)
  A hound skeleton (D:5)
  3 howler monkey zombies
  16 gnolls
  A howler monkey skeleton (D:4)
  7 adders
  2 shadow imps
  2 white imps
  An ufetubus (D:4)
  2 adder skeletons (D:4)
  2 worms
  4 dart slugs
  69 orcs
  6 endoplasms
  6 giant cockroaches
  7 goblins
  7 hobgoblins
  7 quokkas
  8 ball pythons
  5 bats
  5 frilled lizards
  16 kobolds
  6 rats
  2 starspawn tentacles (Abyss:3)
1760 creatures vanquished.

Vanquished Creatures (others)
  A draconian knight (Zot:2)
  A spriggan druid (Swamp:3)
  A deep elf zephyrmancer (Elf:1)
  3 bloated husks
  A fire elemental (Elf:2)
  A swamp worm (Swamp:3)
  A wolf (Lair:5)
  A white imp (Abyss:3)
  29 foxfires
  31 fungi
  30 plants
  7 starspawn tentacles (Abyss:3)
  4 tentacles (Abyss:3)
  17 withered plants
128 creatures vanquished.

Grand Total: 1888 creatures vanquished

Notes
Turn   | Place    | Note
-------+----------+-------------------------------------------
     0 | D:1      | browni3141 the Formicid Fighter began the quest for the
                  | Orb.
     0 | D:1      | Reached XP level 1. HP: 18/18 MP: 1/1
   210 | D:1      | Reached XP level 2. HP: 24/24 MP: 2/2
   522 | D:1      | Reached XP level 3. HP: 22/29 MP: 3/3
  1529 | D:2      | Found a faded altar of an unknown god.
  1770 | D:3      | Reached XP level 4. HP: 27/35 MP: 4/4
  2315 | D:3      | Reached skill level 5 in Long Blades
  2315 | D:3      | Reached XP level 5. HP: 32/41 MP: 5/5
  2612 | D:4      | Found a radiant altar of Vehumet.
  2612 | D:4      | Noticed a frost-covered statue
  2889 | D:4      | Identified the ring of Sokkoorgh {rElec rF+}
  2893 | D:4      | Identified the +4 whip "Fiamn" {vorpal, rN+ Int+2 Dex+2}
  2921 | D:4      | Reached XP level 6. HP: 37/47 MP: 3/6
  3080 | D:4      | Noticed Pikel
  3207 | D:4      | Killed Pikel
  3208 | D:4      | Reached XP level 7. HP: 8/52 MP: 1/7
  3805 | D:5      | Entered Level 5 of the Dungeon
  3824 | D:5      | Reached XP level 8. HP: 50/58 MP: 8/8
  4834 | D:4      | Reached skill level 10 in Long Blades
  5302 | D:5      | Reached XP level 9. HP: 64/64 MP: 9/9
  5505 | D:6      | Found a staircase to the Ecumenical Temple.
  5511 | Temple   | Entered the Ecumenical Temple
  5574 | Temple   | Became a worshipper of Warmaster Okawaru
  5628 | D:6      | Found Kattac's Distillery.
  6222 | D:6      | Noticed a two-headed ogre
  6273 | D:6      | Noticed a glowing orange brain
  6273 | D:6      | a two-headed ogre changed into a glowing orange brain
  6298 | D:6      | Killed a glowing orange brain
  6298 | D:6      | Reached * piety under Okawaru
  6851 | D:7      | Reached ** piety under Okawaru
  7032 | D:7      | Noticed Prince Ribbit
  7047 | D:7      | Killed Prince Ribbit
  7249 | D:6      | Reached XP level 10. HP: 59/70 MP: 8/10
  8783 | D:8      | Reached skill level 1 in Invocations
  8858 | D:8      | Reached *** piety under Okawaru
  8872 | D:8      | Reached skill level 4 in Armour
  8872 | D:8      | Reached skill level 1 in Dodging
  9445 | D:8      | Reached skill level 5 in Shields
  9694 | D:8      | Received a gift from Okawaru
  9965 | D:9      | Reached skill level 5 in Armour
 10146 | D:9      | Reached XP level 11. HP: 75/77 MP: 14/14
 10558 | D:9      | Found Ufrivut's One-of-a-Kind Rings.
 10681 | D:10     | Entered Level 10 of the Dungeon
 10685 | D:10     | Noticed a two-headed ogre
 10687 | D:10     | Reached **** piety under Okawaru
 10700 | D:10     | Killed a two-headed ogre
 10701 | D:10     | Reached skill level 6 in Armour
 10701 | D:10     | Reached skill level 5 in Invocations
 10835 | D:10     | Noticed a two-headed ogre
 11000 | D:10     | Found a runed translucent door.
 11000 | D:10     | Noticed tvsian's ghost (journeyman HOFi)
 11014 | D:10     | Reached skill level 5 in Fighting
 11056 | D:10     | Noticed a two-headed ogre
 11097 | D:9      | Reached skill level 1 in Crossbows
 11176 | D:10     | Killed a two-headed ogre
 11479 | D:10     | Killed a two-headed ogre
 11479 | D:10     | Received a gift from Okawaru
 11511 | D:10     | Reached skill level 7 in Armour
 12390 | D:11     | Found a staircase to the Orcish Mines.
 12416 | D:11     | Noticed a two-headed ogre
 12526 | D:11     | Reached ***** piety under Okawaru
 12829 | D:11     | Found a staircase to the Lair.
 12842 | D:11     | Noticed a cyclops
 13121 | D:11     | a cyclops changed into a queen bee
 13578 | D:11     | Reached XP level 12. HP: 75/87 MP: 14/17
 13819 | Orc:1    | Entered Level 1 of the Orcish Mines
 13819 | Orc:1    | Found Zaumudem's Weapon Emporium.
 14173 | D:12     | Reached skill level 8 in Armour
 14497 | D:11     | Received a gift from Okawaru
 14572 | D:11     | Reached skill level 5 in Crossbows
 14720 | D:12     | Found an iron altar of Okawaru.
 15192 | D:12     | Found Viucvijoi's Armour Boutique.
 15422 | D:12     | Noticed a two-headed ogre
 15755 | D:12     | Reached skill level 9 in Armour
 15978 | D:12     | Killed a two-headed ogre
 16061 | D:13     | Noticed a boulder beetle
 16092 | D:12     | Noticed a boulder beetle
 16104 | D:12     | a boulder beetle changed into an elephant
 16199 | D:13     | Noticed a four-headed hydra
 16332 | D:12     | Killed a four-headed hydra
 16498 | D:13     | Reached XP level 13. HP: 77/95 MP: 18/20
 16681 | D:13     | Noticed a boulder beetle
 16806 | D:13     | Reached skill level 5 in Dodging
 16984 | D:13     | Received a gift from Okawaru
 17133 | D:13     | Killed a boulder beetle
 17251 | D:13     | Noticed a centaur warrior
 17268 | D:13     | Killed a centaur warrior
 17424 | D:13     | Reached skill level 10 in Invocations
 17560 | D:13     | Killed a boulder beetle
 17560 | D:13     | Received a gift from Okawaru
 17561 | D:13     | Reached skill level 10 in Armour
 17823 | D:14     | Found a snail-covered altar of Cheibriados.
 17966 | D:14     | Noticed an ogre mage
 18048 | D:14     | Found a gate to the Vaults.
 19055 | D:9      | Bought the ring of Pamm {AC+4 Str+3 Dex+4} for 980 gold
                  | pieces
 19119 | Orc:2    | Entered Level 2 of the Orcish Mines
 19119 | Orc:2    | Noticed an orc warlord
 19433 | Orc:2    | Found a staircase to the Elven Halls.
 19671 | Orc:2    | Killed an orc warlord
 19893 | Orc:2    | Found a flickering gateway to a bazaar.
 19911 | Bazaar   | Entered a bazaar
 19913 | Bazaar   | Found Kecladid's Weapon Boutique.
 19917 | Bazaar   | Found Sarror's Distillery.
 19917 | Bazaar   | Found Yckic's Assorted Antiques.
 19918 | Bazaar   | Found Cef Quneawat's Armour Boutique.
 19943 | Bazaar   | Bought a potion of curing for 42 gold pieces
 19943 | Bazaar   | Bought a potion of might for 56 gold pieces
 19943 | Bazaar   | Bought a potion of invisibility for 112 gold pieces
 19949 | Bazaar   | Bought a scroll of noise for 32 gold pieces
 20544 | Orc:2    | Found Kunaseb's Antique Weapon Emporium.
 20544 | Orc:2    | Found Kaih's Antique Armour Shoppe.
 20545 | Orc:2    | Found Fietyof's Antique Weapon Shoppe.
 20553 | Orc:2    | Found Mionit's Antique Weapon Emporium.
 20720 | Orc:2    | Reached skill level 11 in Armour
 20789 | Arena    | Entered the Arena
 20795 | Arena    | Received a gift from Okawaru
 20796 | Arena    | Reached XP level 14. HP: 45/105 MP: 14/22
 21381 | Elf:1    | Entered Level 1 of the Elven Halls
 21485 | D:11     | You are sucked into a shaft and drop 1 floor!
 21521 | Lair:1   | Entered Level 1 of the Lair of Beasts
 22694 | Lair:2   | Received a gift from Okawaru
 22985 | Lair:2   | Found a hole to the Spider Nest.
 23164 | Lair:2   | Received a gift from Okawaru
 25997 | Lair:3   | Reached skill level 12 in Armour
 26254 | Lair:3   | Received a gift from Okawaru
 27192 | Lair:4   | Identified the +1 crystal plate armour "Gaxt" {Dex+6}
                  | (Okawaru gifted it to you on level 4 of the Lair of Beasts)
 27192 | Lair:4   | Received a gift from Okawaru
 28423 | Lair:4   | Reached XP level 15. HP: 54/112 MP: 24/24
 28707 | Lair:4   | Found a staircase to the Swamp.
 29492 | Lair:5   | Found a viscous altar of Jiyva.
 29492 | Lair:5   | Found a staircase to the Slime Pits.
 29588 | Lair:5   | Reached skill level 10 in Crossbows
 30010 | Lair:6   | Entered Level 6 of the Lair of Beasts
 30738 | Lair:5   | Received a gift from Okawaru
 31034 | Lair:6   | Reached skill level 13 in Armour
 31090 | Lair:6   | Reached ****** piety under Okawaru
 31092 | Lair:6   | Received a gift from Okawaru
 32709 | Lair:6   | Reached skill level 15 in Long Blades
 32807 | Lair:6   | Received a gift from Okawaru
 33239 | Lair:6   | Found the +10 zealot's sword {holy, *Rage rN+ EV+3}
 33348 | Lair:6   | Received a gift from Okawaru
 33489 | Lair:6   | Reached XP level 16. HP: 119/122 MP: 26/26
 33949 | Lair:6   | Gained mutation: Armour fits poorly on your strangely
                  | shaped body. [a neqoxec]
 34122 | Lair:6   | Reached skill level 10 in Fighting
 34136 | Lair:6   | Identified the +6 swamp dragon scales of the Sky {rPois rF+
                  | rC++ Int-5 Stlth+} (Okawaru gifted it to you on level 6 of
                  | the Lair of Beasts)
 34136 | Lair:6   | Received a gift from Okawaru
 34482 | Swamp:1  | Entered Level 1 of the Swamp
 34579 | Arena    | Entered the Arena
 34584 | Arena    | HP: 6/122 [acid (8)]
 35012 | Swamp:1  | Noticed Mlioglotl
 35027 | Lair:4   | Reached skill level 14 in Armour
 35165 | Swamp:1  | Killed Mlioglotl
 36181 | Swamp:2  | Reached skill level 15 in Invocations
 36535 | Swamp:2  | Received a gift from Okawaru
 37036 | Swamp:2  | Identified the ring of Fallacy {rC+ rN+ Str+4}
 37036 | Swamp:2  | Noticed Nikola
 37108 | Swamp:2  | Killed Nikola
 37442 | Swamp:2  | Noticed Roxanne
 37464 | Swamp:2  | Killed Roxanne
 37533 | Swamp:2  | Reached XP level 17. HP: 123/129 MP: 28/28
 38053 | Swamp:3  | Noticed Jorgrun
 38628 | Swamp:3  | Received a gift from Okawaru
 38629 | Swamp:3  | Reached skill level 15 in Armour
 38671 | Swamp:3  | Identified the +4 hand crossbow "Lajoargh" {speed, rF+ SInv
                  | Stlth-} (Okawaru gifted it to you on level 3 of the Swamp)
 38671 | Swamp:3  | Received a gift from Okawaru
 39141 | Swamp:3  | Noticed a tentacled monstrosity
 39148 | Swamp:3  | Killed a tentacled monstrosity
 39216 | Swamp:3  | Killed Jorgrun
 40174 | Swamp:4  | Entered Level 4 of the Swamp
 41315 | Swamp:4  | Received a gift from Okawaru
 41726 | Swamp:3  | HP: 5/131 [six-headed hydra (12)]
 41728 | Swamp:3  | Identified the +1 triple crossbow "Xapedwipt" {elec, rF+
                  | Dex+3} (Okawaru gifted it to you on level 3 of the Swamp)
 41728 | Swamp:3  | Received a gift from Okawaru
 42080 | Swamp:3  | Reached skill level 16 in Armour
 42396 | Swamp:4  | Noticed the 27-headed Lernaean hydra
 43140 | Swamp:4  | Got a decaying rune of Zot
 43451 | Swamp:3  | Killed the 27-headed Lernaean hydra
 43452 | Swamp:3  | Reached XP level 18. HP: 85/140 MP: 22/29
 44220 | Spider:1 | Entered Level 1 of the Spider Nest
 44423 | Spider:1 | Received a gift from Okawaru
 45857 | Spider:2 | Noticed Frances
 45968 | Spider:2 | Received a gift from Okawaru
 46254 | Spider:2 | Killed Frances
 46294 | Spider:2 | Reached skill level 10 in Dodging
 47097 | Spider:3 | Reached skill level 17 in Armour
 47498 | Spider:3 | Noticed Arachne
 47512 | Spider:3 | Killed Arachne
 47512 | Spider:3 | Received a gift from Okawaru
 47804 | Spider:4 | Entered Level 4 of the Spider Nest
 47902 | Spider:4 | Found a frozen archway.
 47916 | IceCv    | Entered an ice cave
 48053 | IceCv    | Received a gift from Okawaru
 48410 | IceCv    | Reached XP level 19. HP: 147/147 MP: 30/30
 48412 | IceCv    | Received a gift from Okawaru
 48517 | IceCv    | Got Erof's Grimoire of the Frostbite
 48735 | IceCv    | Received a gift from Okawaru
 48930 | Arena    | Entered the Arena
 49307 | Spider:4 | Received a gift from Okawaru
 50100 | Spider:4 | Identified the +1 chain mail of Veak {+Inv Str+4} (Okawaru
                  | gifted it to you on level 4 of the Spider Nest)
 50100 | Spider:4 | Received a gift from Okawaru
 50307 | Spider:4 | Got a gossamer rune of Zot
 50573 | Slime:1  | Entered Level 1 of the Pits of Slime
 50639 | Arena    | Entered the Arena
 51400 | Slime:5  | Entered Level 5 of the Pits of Slime
 51415 | Slime:5  | Reached XP level 20. HP: 118/156 MP: 32/32
 51611 | Slime:5  | Reached skill level 18 in Armour
 51652 | Slime:5  | Noticed the Royal Jelly
 51671 | Slime:5  | Killed the Royal Jelly
 51681 | Slime:5  | HP: 6/156 [drowned by a quicksilver ooze[the Royal Jelly]
                  | (5)]
 51700 | Arena    | Entered the Arena
 52016 | Slime:5  | Gained mutation: You are dopey. (Int -2) [a shining eye]
 52262 | Slime:5  | Received a gift from Okawaru
 52262 | Slime:5  | Found the +8 demon blade "Leech" {vamp, Harm Drain rN+}
 52492 | Slime:5  | Gained mutation: You are very dopey. (Int -4) [a shining
                  | eye]
 52568 | Slime:5  | Identified the +0 robe of Masochism {rCorr}
 52590 | Slime:5  | Identified the +8 rapier "Naxtuxew" {drain, rF+}
 52591 | Slime:5  | Identified the amulet of Fanaticism {Acrobat -Cast rCorr
                  | Str+2 Slay+2}
 52614 | Slime:5  | Got a slimy rune of Zot
 52619 | Slime:5  | Identified the +10 halberd of Honour {vamp, Fly rC+ Dex+6
                  | Stlth+}
 53758 | D:14     | Noticed Rupert
 53778 | D:14     | Killed Rupert
 53997 | D:15     | Entered Level 15 of the Dungeon
 54037 | D:15     | Found Taufeyff's Specific Store.
 54081 | D:15     | Found Meedgh's General Store.
 54097 | D:15     | Bought the +1 pair of gloves of Irutium {+Blink Will+
                  | Str+4} for 525 gold pieces
 54230 | D:15     | Found a staircase to the Depths.
 54239 | D:15     | Received a gift from Okawaru
 54348 | D:15     | Received a gift from Okawaru
 54449 | D:15     | Found Megheaw's Pet Rocks.
 54584 | D:15     | Found Aroliu's Armour Boutique.
 54799 | D:15     | Noticed Kirke
 54808 | D:15     | Killed Kirke
 54820 | D:15     | Found a portal to a secret trove of treasure.
 54973 | Depths:1 | Entered Level 1 of the Depths
 54973 | Depths:1 | Noticed the Enchantress
 55135 | Orc:2    | Received a gift from Okawaru
 55697 | Elf:1    | Received a gift from Okawaru
 55791 | Elf:1    | Reached XP level 21. HP: 145/163 MP: 33/33
 55872 | Elf:1    | Received a gift from Okawaru
 56095 | Elf:1    | Found Tasanoy's Distillery.
 56100 | Elf:1    | Bought a potion of invisibility for 104 gold pieces
 56100 | Elf:1    | Bought 2 potions of mutation for 208 gold pieces
 56100 | Elf:1    | Bought a potion of curing for 39 gold pieces
 56100 | Elf:1    | Bought a potion of lignification for 39 gold pieces
 56100 | Elf:1    | Bought a potion of curing for 39 gold pieces
 56329 | Elf:1    | Received a gift from Okawaru
 57061 | Elf:2    | Found a huge runed translucent gate.
 57061 | Elf:2    | Found a huge runed translucent gate.
 57067 | Elf:2    | Found a huge runed translucent gate.
 57068 | Elf:2    | Found a huge runed translucent gate.
 57069 | Elf:2    | Found a huge runed translucent gate.
 57229 | Elf:2    | Found Waebbul's Assorted Antiques.
 57235 | Elf:2    | Bought a scroll labelled UMUOXKUORR for 28 gold pieces
 57235 | Elf:2    | Bought a potion of cancellation for 224 gold pieces
 57482 | Arena    | Entered the Arena
 57528 | Elf:2    | Reached skill level 19 in Armour
 58095 | Elf:3    | Entered Level 3 of the Elven Halls
 58353 | Elf:3    | Noticed RepHenryClay's ghost (adept MiGl)
 58356 | Elf:3    | Found a runed translucent door.
 58400 | Elf:3    | Found a radiant altar of Vehumet.
 58432 | Elf:3    | Identified the +3 hand crossbow of the Saving Owl {penet,
                  | Fragile MP+9 Dex+4 SInv} (Okawaru gifted it to you on level
                  | 3 of the Elven Halls)
 58432 | Elf:3    | Received a gift from Okawaru
 58685 | Elf:3    | Found Ijit's Antique Weapon Emporium.
 58687 | Elf:3    | Found Ibuef's Antique Weapon Emporium.
 58693 | Elf:3    | Found Wioll's General Store.
 58697 | Elf:3    | Found Noxehurr's Armour Emporium.
 58839 | Elf:3    | Bought a scroll of fog for 34 gold pieces
 58839 | Elf:3    | Bought a scroll of magic mapping for 59 gold pieces
 58933 | Elf:3    | Found Maink's Gadget Gallery.
 59113 | Elf:3    | Found Fezipn's Antique Weapon Emporium.
 59313 | Elf:3    | Received a gift from Okawaru
 59521 | Elf:3    | Cast into level 3 of the Abyss (a deep elf sorcerer)
 59580 | Abyss:3  | Received a gift from Okawaru
 59665 | Abyss:3  | Reached XP level 22. HP: 92/172 MP: 34/34
 59822 | Abyss:3  | Received a gift from Okawaru
 59870 | Abyss:3  | Noticed a bone dragon
 60030 | Abyss:3  | Got an abyssal rune of Zot
 60220 | Elf:3    | Escaped the Abyss
 60227 | Elf:3    | Reached skill level 20 in Armour
 60412 | Elf:3    | Identified the +2 leather armour of the Lizard {Harm rPois
                  | Str-4 Int+5}
 60413 | Elf:3    | Identified the +8 dagger of the Tomato {drain, *Noise rF++
                  | rC+ SInv}
 60464 | Elf:3    | Reached skill level 15 in Crossbows
 60635 | Elf:3    | Killed RepHenryClay's ghost
 60851 | Elf:3    | Identified the +8 great sword of Dithmenos's Delight
                  | {vorpal, Int+2 Stlth+}
 60873 | Elf:3    | Received a gift from Okawaru
 61412 | Orc:2    | Bought a heavily runed plate armour for 1148 gold pieces
 61412 | Orc:2    | Identified the +8 plate armour of Egybrim {Rampage Str-5
                  | SInv} (You bought it in a shop on level 2 of the Orcish
                  | Mines)
 61726 | Arena    | Entered the Arena
 61739 | Arena    | Killed the Enchantress
 61739 | Arena    | Received a gift from Okawaru
 61880 | Depths:1 | Noticed Sojobo
 61988 | Arena    | Entered the Arena
 61995 | Arena    | Killed Sojobo
 62187 | Depths:1 | Found a gateway to Hell.
 62190 | Depths:1 | Found Big Baal Hell's Store.
 62195 | Depths:1 | Reached XP level 23. HP: 174/180 MP: 35/35
 62258 | Depths:1 | Identified the +4 tower shield "Suruqet" {Int+3 Dex+2}
                  | (Okawaru gifted it to you on level 1 of the Depths)
 62258 | Depths:1 | Received a gift from Okawaru
 62259 | Depths:1 | Reached skill level 15 in Fighting
 62895 | Depths:1 | Found a blossoming altar of Fedhas.
 63395 | Depths:2 | Found a one-way gate to the infinite horrors of the Abyss.
 63558 | Depths:2 | Reached skill level 10 in Shields
 63572 | Depths:2 | Reached skill level 21 in Armour
 64014 | Depths:2 | Found a one-way gate leading to the halls of Pandemonium.
 64646 | Depths:3 | Identified the +9 falchion of the Absolute Madman {flame,
                  | rC+ Str+3 Int+2} (Okawaru gifted it to you on level 3 of
                  | the Depths)
 64646 | Depths:3 | Received a gift from Okawaru
 65052 | Depths:3 | Noticed a golden dragon
 65063 | Depths:3 | Killed a golden dragon
 65569 | Depths:3 | Reached XP level 24. HP: 151/185 MP: 35/35
 65698 | Depths:4 | Entered Level 4 of the Depths
 65775 | Depths:4 | Found a gateway to a ziggurat.
 66049 | Depths:4 | Noticed a caustic shrike
 66051 | Depths:4 | Noticed a caustic shrike
 66052 | Depths:4 | Noticed a caustic shrike
 66057 | Depths:4 | Killed a caustic shrike
 66057 | Depths:4 | Received a gift from Okawaru
 66060 | Depths:4 | Noticed a caustic shrike
 66062 | Depths:4 | Killed a caustic shrike
 66066 | Depths:4 | Killed a caustic shrike
 66069 | Depths:4 | Noticed a caustic shrike
 66074 | Depths:4 | Killed a caustic shrike
 66078 | Depths:4 | Killed a caustic shrike
 66146 | Depths:4 | Received a gift from Okawaru
 66303 | Depths:4 | Found Seemunwu's Armour Shoppe.
 66654 | Depths:4 | Found a gate to the Realm of Zot.
 66888 | Zot:1    | Entered Level 1 of the Realm of Zot
 67007 | Zot:1    | Identified the +1 flail of the Unseen Realm {freeze, Fly
                  | rC- Dex+3 SInv}
 67384 | Zot:1    | Received a gift from Okawaru
 67390 | Zot:1    | Reached skill level 22 in Armour
 68230 | Zot:2    | Identified the +5 great sword "Gocoodomp" {pain, rF+ Str-5
                  | Dex+2} (Okawaru gifted it to you on level 2 of the Realm of
                  | Zot)
 68230 | Zot:2    | Received a gift from Okawaru
 69091 | Zot:2    | Reached XP level 25. HP: 182/197 MP: 35/35
 70387 | Zot:3    | You are sucked into a shaft and drop 1 floor!
 70616 | Zot:4    | Identified the +1 plate armour "Wien" {MP+9 Slay-2 SInv}
                  | (Okawaru gifted it to you on level 4 of the Realm of Zot)
 70616 | Zot:4    | Received a gift from Okawaru
 70826 | Zot:4    | Noticed a curse toe
 70831 | Zot:4    | Killed a curse toe
 71907 | Zot:4    | Noticed an orb of fire
 71917 | Zot:4    | Killed from afar by an orb of fire

Illustrated notes

Levels and vault maps discovered:
D:1:      dpeg_arrival_boxorama, layout_basic
D:2:      layout_basic, serial_glass, glass_columns_a, glass_columns_b,
          dreamdust_ecumenical_altar_statues, kennysheep_generic_room_6
D:3:      layout_loops_ring, minmay_misc_feat_square, serial_bayou_pond_b
D:4:      layout_gridville, vehumet_statue, minmay_tree_intersection,
          moated_statue, uniq_pikel
D:5:      layout_cave_pools
D:6:      layout_loops_corners, minmay_temple_entry_hall, serial_shops,
          kennysheep_mini_moat
D:7:      layout_layer_cave, small_statue_intersection,
          hangedman_abyss_or_decor_slice, uniq_prince_ribbit1
D:8:      layout_loops_corners, st_stairs_10, fountainhead, hex_medium
D:9:      layout_rooms, serial_corexii_hall, corexii_hall_statues_i,
          corexii_hall_statues_i, corexii_hall_statues_i,
          chequers_hall_statues_corner_a, chequers_hall_statues_y,
          corexii_hall_statues_l, serial_park_tiny_pond,
          nicolae_shop_unique_rings
D:10:     layout_rooms, gammafunk_ghost_grave, kennysheep_opposing_triangles
D:11:     layout_cave_pools, erik_lair_orcish_takeover, david_orc_2,
          serial_column_ruins, column_ruins_open_small, column_ruins_open_tiny,
          column_ruins_grid_3, column_ruins_grid_1, column_ruins_open_tiny,
          column_ruins_grid_4, column_ruins_grid_4
D:12:     layout_gridville, serial_shops, kennysheep_little_box,
          okawaru_ov_weapons_minmay
D:13:     layout_stronghold
D:14:     layout_cross, david_vaults_2, cheibriados_altar_1, st_stairs_2,
          chequers_serial_rivers_large_b, hellmonk_guarded_unrand_dark_maul,
          uniq_rupert
D:15:     hangedman_depths_entry_civil_slaughter, layout_small_grid,
          serial_shops, shop, nrook_campfire, nicolae_trove_entry_columns,
          nicolae_specific_store, guppyfry_shop_earth, uniq_kirke
Temple:   dpeg_three_leaves_temple
Lair:1:   wad_woods_pond, layout_long_grid
Lair:2:   layout_regular_city, spider_nest_entry_rubble, st_stairs_7,
          beast_lair_carwin_6
Lair:3:   layout_cellular_growth, grunt_forest_small_clearing_treed,
          lemuel_fruit_tree, grunt_megastairs_4, serial_bayou_shore_b
Lair:4:   layout_regular_city, palyth_hydra_swamp_entry,
          chequers_serial_rivers_micro_a, cheibrodos_lair_reptile_den
Lair:5:   layout_regular_city, slime_altar_1
Lair:6:   due_jungle_book, layout_layer_cave, grunt_megastairs_3
Swamp:1:  nicolae_swamp_ascending_descending_big, layout_basic_swamp,
          serial_swamp_ruin, evilmike_swamp_ruin_house_6,
          hangedman_swamp_ruin_wall, evilmike_swamp_ruin_rubble_2, swamp_pool2,
          uniq_mlioglotl
Swamp:2:  layout_falls_marsh, hangedman_swamp_cone, uniq_nikola, uniq_roxanne
Swamp:3:  layout_basic_swamp, nicolae_swamp_little_swirl, swamp_pool4,
          nicolae_swamp_triple_paths, uniq_jorgrun
Swamp:4:  swamp, layout_basic_swamp, swamp_pool1, nicolae_swamp_fairy_circle,
          infiniplex_staircase_pool_2
Spider:1: layout_chambers
Spider:2: layout_spider_delve, nicolae_spider_cling_halls, uniq_frances
Spider:3: layout_spider_delve, uniq_arachne
Spider:4: spider_rune_water, portal_ice_cave_entry_dragon,
          nicolae_spider_undead_wolf_pack
Slime:1:  layout_caves
Slime:2:  layout_caves
Slime:3:  layout_caves
Slime:4:  layout_caves
Slime:5
Orc:1:    layout_caves, serial_shops, shop, basic_altar
Orc:2:    st_orc_mages, layout_caves, basic_altar, serial_shops, bzr_in_the_mist
Elf:1:    minmay_elf_arrival_circle, layout_loops_cross, serial_shops,
          nicolae_shop_waterfront, minmay_elf_crystal_hexagon
Elf:2:    elven_hall_of_blades_hangedman_alternative
          [nicolae_blade_entry_diamond_columns], layout_geoelf_octagon,
          serial_shops, nicolae_shop_trees
Elf:3:    elf_hall, layout_gridlike, special_room [special_room_orc],
          serial_shops, nicolae_shop_trees, basic_altar,
          hellmonk_ghost_happy_afterlife, minmay_shop_grid_forest,
          nicolae_shop_gadgets
Depths:1: layout_gridlike, roderic_serpentine_path,
          nicolae_hell_entry_big_baal_hell, minivault_11, fedhas_altar_1,
          uniq_sojobo, uniq_enchantress
Depths:2: nicolae_cairo_tiling_large_dashed, layout_cave_shapes,
          minmay_stone_trees_medium, grunt_pan_entry_in_and_out, hell_entry,
          abyss_entry
Depths:3: kennysheep_room_grid, layout_honeycomb, rand_demon_pan_entry_3,
          abyss_entry, minmay_staircase_statues, hell_entry
Depths:4: evilmike_zot_entry_basic, layout_cave_pools, enter_ziggurat_c,
          serial_shops, nicolae_shop_hallway_plus, hell_entry, abyss_entry,
          minmay_misc_feat_encased, hangedman_decor_opposing
Zot:1:    layout_basic
Zot:2:    lemuel_draconian_sentries_small, layout_onion, grunt_megastairs_1
Zot:3:    minmay_elemental_castle, layout_basic, st_stairs_8
Zot:4:    grunt_deathspiral_small, layout_onion_interference, st_stairs_8,
          hangedman_zot_spectrum

Skill      XL: |  1  2  3  4  5  6  7  8  9 10 11 12 13 14 15 16 17 18 19 20 21 22 23 24 25 |
---------------+----------------------------------------------------------------------------+-----
Long Blades    | 3 4 5 8 10 13 14 15 16 17 18 19 20 | 20.0
Invocations    | 4 7 9 11 12 14 15 16 17 | 17.0
Shields        | 5 7 9 11 13 14 | 14.6
Armour         | 5 7 9 11 12 13 14 16 17 18 19 20 21 22 | 22.8
Dodging        | 2 3 4 6 7 8 9 10 11 12 13 | 13.4
Fighting       | 4 5 6 8 9 10 11 12 13 14 15 16 | 16.6
Crossbows      | 3 6 8 9 10 11 12 13 14 15 16 17 18 | 18.2

Action                   |  1- 3 |  4- 6 |  7- 9 | 10-12 | 13-15 | 16-18 | 19-21 | 22-24 | 25-27 || total
-------------------------+-------+-------+-------+-------+-------+-------+-------+-------+-------++-------
Melee: Long sword        |   142 |    95 |       |       |       |       |       |       |       ||   237
       Whip              |       |    30 |   212 |       |       |       |       |       |       ||   242
       Scimitar          |       |       |    40 |   664 |   599 |       |       |       |       ||  1303
       Unarmed           |       |       |     3 |       |       |       |       |       |       ||     3
       Great sword       |       |       |       |       |   546 |   137 |       |   827 |   214 ||  1724
       Eudemon blade     |       |       |       |       |       |   615 |  1292 |   319 |       ||  2226
 Fire: Hand crossbow     |       |       |       |    50 |   116 |       |       |       |       ||   166
       Arbalest          |       |       |       |       |   133 |   258 |       |       |       ||   391
       Triple crossbow   |       |       |       |       |       |   402 |   405 |   259 |    28 ||  1094
Throw: Dart              |       |       |     7 |    14 |     2 |       |       |       |       ||    23
       Throwing net      |       |       |       |     1 |     3 |     1 |       |     1 |       ||     6
Invok: Heroism           |       |       |       |    20 |    23 |    17 |    12 |     6 |     1 ||    79
       Finesse           |       |       |       |     1 |     1 |     6 |     4 |     5 |     1 ||    18
       Duel              |       |       |       |       |     1 |     1 |     4 |     2 |       ||     8
 Abil: Dig               |     1 |       |     1 |    18 |    13 |    10 |    27 |    18 |    13 ||   101
       Shaft Self        |       |       |       |       |     1 |       |       |       |       ||     1
Evoke: Wand              |       |       |     2 |    21 |     6 |     3 |     4 |       |       ||    36
  Use: Potion            |       |     1 |     1 |     1 |     1 |     5 |     5 |     2 |     6 ||    22
       Scroll            |       |       |     5 |     7 |    13 |     7 |     6 |       |     1 ||    39
 Stab: Held in net/web   |       |       |       |     1 |     2 |       |       |     1 |       ||     4
       Invisible         |       |       |       |       |     4 |     3 |       |       |     1 ||     8
       Sleeping          |       |       |       |       |       |     3 |       |       |       ||     3
       Distracted        |       |       |       |       |       |     2 |       |       |       ||     2
       Confused          |       |       |       |       |       |     3 |       |       |       ||     3
       Paralysed         |       |       |       |       |       |       |     2 |       |       ||     2
Armor: Scale mail        |    37 |       |       |       |       |       |       |       |       ||    37
       Plate armour      |    50 |    83 |   112 |   306 |   348 |       |       |       |       ||   899
       Crystal plate arm |       |       |       |       |   479 |    45 |   357 |   342 |    46 ||  1269
       Swamp dragon scal |       |       |       |       |       |   504 |   138 |       |       ||   642
Dodge: Dodged            |    56 |    34 |    74 |   246 |   678 |   899 |   632 |   439 |    71 ||  3129
Block: Buckler           |    35 |    25 |    47 |   136 |   326 |   280 |       |       |       ||   849
       Kite shield       |       |       |       |       |       |       |   649 |   197 |       ||   846
       Tower shield      |       |       |       |       |       |       |       |   735 |   133 ||   868

Table legend: (Time is in decaauts)
 A = Elapsed time spent in this place.
 B = Non-inter-level travel time spent in this place.
 C = Inter-level travel time spent in this place.
 D = Time resting spent in this place.
 E = Time spent auto-exploring this place.
 F = Levels seen in this place.
 G = Mean time per level.
                   A        B        C        D        E       F      G
               +--------+--------+--------+--------+--------+-----+--------+
         Total |  71174 |  67374 |   3800 |  14179 |  37108 |  59 | 1206.3 |
       Dungeon |  20817 |  19573 |   1244 |   2720 |  12724 |  15 | 1387.8 |
        Temple |     80 |     66 |     14 |      0 |     48 |   1 |   80.0 |
          Lair |  13597 |  12624 |    973 |   2857 |   7224 |   6 | 2266.2 |
         Swamp |   9383 |   9045 |    338 |   3118 |   4414 |   4 | 2345.8 |
   Spider Nest |   5416 |   5164 |    252 |   1072 |   2442 |   4 | 1354.0 |
    Slime Pits |   1894 |   1853 |     41 |    786 |    164 |   5 |  378.8 |
  Orcish Mines |   3272 |   2816 |    456 |    677 |   1418 |   2 | 1636.0 |
   Elven Halls |   5192 |   4879 |    313 |    886 |   2626 |   3 | 1730.7 |
        Depths |   4884 |   4815 |     69 |    560 |   2984 |   4 | 1221.0 |
           Zot |   4942 |   4844 |     98 |   1101 |   2705 |   4 | 1235.5 |
         Abyss |    551 |    551 |      0 |     40 |     45 |   1 |  551.0 |
        Bazaar |     48 |     48 |      0 |      0 |     27 |   1 |   48.0 |
      Ice Cave |    939 |    939 |      0 |    307 |    287 |   1 |  939.0 |
         Arena |    152 |    152 |      0 |     52 |      0 |   8 |   19.0 |
               +--------+--------+--------+--------+--------+-----+--------+

Top non-repeatable levels by time:
 Swamp:3: 4729 daAuts
  Lair:5: 2917 daAuts
  Lair:6: 2854 daAuts
  Lair:3: 2451 daAuts
   Elf:3: 2374 daAuts
  Lair:4: 2311 daAuts
   Orc:2: 2230 daAuts
    D:10: 2194 daAuts
     D:4: 2099 daAuts
    D:11: 2084 daAuts
 Swamp:1: 2046 daAuts
  Lair:2: 1950 daAuts
   Zot:2: 1876 daAuts
    D:12: 1751 daAuts
Spider:1: 1706 daAuts
